Royaux vs Monarchs
Created - December 11, 2020 at 19:38
Goals
|
| Royaux |
1 |
0 |
2 |
3 |
| Monarchs |
1 |
2 |
1 |
4 |
|
Shots
|
| Royaux |
12 |
7 |
6 |
25 |
| Monarchs |
8 |
14 |
9 |
31 |
|
1st period
1. Royaux , Ben Hanowski 8 (Tye McGinn 17) at 5:50 (PP)
2. Monarchs , Stefan Matteau 11 (Travis Konecny 13) at 11:27
Penalties :
Tye McGinn (Cap) for Tripping (Minor) at 0:09, Tim Schaller (MAN) for Cross-checking (Minor) at 5:41, Jordie Benn (Cap) for Roughing (Minor) at 7:08, Ben Hanowski (Cap) for Tripping (Minor) at 18:22
2nd period
3. Monarchs , Stefan Matteau 12 (Neal Pionk 12, Zach Werenski 20) at 9:53 (PP)
4. Monarchs , Travis Konecny 15 (Stefan Matteau 12) at 12:08
Penalties :
Ian McCoshen (Cap) for Cross-checking (Minor) at 8:25, Phil Oreskovic (Cap) for Interference (Minor) at 8:48, Joonas Lyytinen (MAN) for Holding (Minor) at 14:39
3rd period
5. Royaux , Garrett Wilson 4 (Brandon Pirri 11) at 8:12
6. Monarchs , Travis Konecny 16 (Stefan Matteau 13, Neal Pionk 13) at 16:13
7. Royaux , Dylan Larkin 16 (Travis Sanheim 7) at 18:08 (PP)
Penalties :
Frank Vatrano (MAN) for Checking from behind (Minor) at 9:02, Joel Eriksson Ek (MAN) for Slashing (Minor) at 17:19, Phil Oreskovic (Cap) for Hooking (Minor) at 18:38
Goalie Stats
Olivier Roy (Cap), 27 saves from 31 shots - (0.871), L, 4-3-1, 60:00 minutes
Jake Allen (MAN), 22 saves from 25 shots - (0.880), W, 6-3-0, 60:00 minutes
Players Stats for Royaux
Player Name G A P +/- PIM S H SB GA TA FO MP PP MP PK MP
------------------------------------------------------------------------------------
Ben Hanowski 1 0 1 -2 2 4 3 0 0 1 1/1 21:23 2:49 4:02
Brandon Pirri 0 1 1 0 0 3 2 0 1 1 0/0 12:36 0:00 1:03
Brendan Woods 0 0 0 -1 0 0 0 1 0 0 0/1 14:41 2:07 0:00
Danny Kristo 0 0 0 -1 0 0 1 0 2 1 0/0 17:05 2:07 2:23
Dylan DeMelo 0 0 0 -2 0 0 0 0 0 1 0/0 6:56 0:00 1:30
Dylan Larkin 1 0 1 -2 0 4 1 0 1 0 10/25 19:19 2:49 2:23
Garrett Wilson 1 0 1 1 0 2 0 0 0 0 0/0 7:06 0:00 0:00
Greg McKegg 0 0 0 0 0 1 1 0 0 0 4/5 11:10 0:00 0:00
Ian McCoshen 0 0 0 1 2 1 1 2 0 0 0/0 12:09 0:00 2:17
Jordie Benn 0 0 0 -1 2 0 2 0 0 0 0/0 17:30 1:20 2:12
Kasperi Kapanen 0 0 0 0 0 1 0 0 0 0 0/0 11:10 0:00 0:00
Konrad Abeltshauser 0 0 0 -2 0 0 0 1 0 0 0/0 5:26 0:00 0:00
Marcus Pettersson 0 0 0 1 0 1 0 1 0 0 0/0 9:40 0:00 0:00
Mathew Barzal 0 0 0 0 0 0 0 0 0 0 1/1 2:17 0:00 2:15
Mathieu Joseph 0 0 0 1 0 0 0 0 0 0 0/0 7:06 0:00 0:00
Phil Oreskovic 0 0 0 0 4 1 1 1 0 1 0/0 23:24 3:36 3:40
Rourke Chartier 0 0 0 1 0 0 1 1 0 0 1/2 7:06 0:00 0:00
Simon Despres 0 0 0 0 0 3 0 2 2 1 0/0 26:26 3:36 6:31
Sonny Milano 0 0 0 0 0 0 0 0 0 0 0/0 0:00 0:00 0:00
Tanner Kero 0 0 0 0 0 0 0 0 0 0 0/0 0:00 0:00 0:00
Tomas Hyka 0 0 0 0 0 0 0 0 0 0 0/0 0:00 0:00 0:00
Travis Sanheim 0 1 1 -1 0 1 0 3 2 1 0/0 18:28 1:20 3:09
Troy Terry 0 0 0 0 0 0 0 0 0 0 0/0 0:00 0:00 0:00
Tye McGinn 0 1 1 -2 2 1 1 1 2 0 8/15 22:49 2:49 5:28
Vladislav Namestnikov 0 0 0 -1 0 2 0 0 0 1 3/8 15:22 2:07 0:41
Players Stats for Monarchs
Player Name G A P +/- PIM S H SB GA TA FO MP PP MP PK MP
------------------------------------------------------------------------------------
Anthony Cirelli 0 0 0 0 0 2 2 0 0 1 8/17 15:27 0:07 2:46
Brayden Point 0 0 0 -1 0 0 0 0 0 1 9/20 16:51 5:21 0:00
Collin Miller 0 0 0 0 0 0 1 1 0 0 0/0 11:11 0:00 2:43
Frank Vatrano 0 0 0 -1 2 1 2 0 1 1 1/1 13:24 0:12 0:38
Jacob De La Rose 0 0 0 0 0 1 0 0 1 0 0/1 11:08 0:00 2:50
Joel Eriksson Ek 0 0 0 0 2 0 0 0 0 0 0/2 9:35 0:00 1:02
Joonas Lyytinen 0 0 0 0 2 0 1 1 0 1 0/0 7:29 0:00 1:20
Kurtis Macdermid 0 0 0 0 0 1 0 0 0 0 0/0 6:33 0:00 0:00
Kyle Connor 0 0 0 -1 0 1 0 0 1 0 0/0 17:02 4:12 0:59
Matt Roy 0 0 0 0 0 0 0 0 0 0 0/0 6:33 0:00 0:00
Mikko Rantanen 0 0 0 0 0 2 2 0 0 1 0/0 17:33 5:25 0:00
Neal Pionk 0 2 2 0 0 2 0 2 2 0 0/0 22:37 6:49 0:00
Nicholas Baptiste 0 0 0 0 0 2 1 0 0 0 0/0 8:21 0:03 0:00
Nick Ritchie 0 0 0 3 0 3 3 0 2 0 0/2 17:41 5:16 0:00
Olli Maatta 0 0 0 0 0 1 0 0 0 1 0/0 23:09 2:51 2:18
Seth Helgeson 0 0 0 2 0 1 2 0 0 0 0/0 19:47 2:51 2:13
Stefan Matteau 2 2 4 3 0 5 2 0 1 1 11/14 17:10 4:12 0:12
Tim Schaller 0 0 0 0 2 0 2 1 0 1 1/1 13:57 0:00 1:25
Travis Konecny 2 1 3 3 0 4 1 0 0 1 0/0 16:36 4:12 0:00
Zach Werenski 0 1 1 2 0 5 1 1 0 1 0/0 22:56 6:49 1:18
3 Stars
1 - Stefan Matteau (MAN)
2 - Travis Konecny (MAN)
3 - Zach Werenski (MAN)
Power Play
Royaux - 2 on 4 Attempt(s) - 50.00%
Monarchs - 1 on 6 Attempt(s) - 16.67%
Penalty Kill
Royaux - 5 on 6 Attempt(s) - 83.33%
- Score 0 goal in Penalty Kill
Monarchs - 2 on 4 Attempt(s) - 50.00%
- Score 0 goal in Penalty Kill
Team Stat
Royaux - Hits : 14 - Faceoff Wins : 28 - Blocked Shots : 13 - Penalty Minutes : 12
Monarchs - Hits : 20 - Faceoff Wins : 30 - Blocked Shots : 6 - Penalty Minutes : 8
Official
Referees : Unknown
Linesman : Unknown
Game Notes
No Game Note
Finance
Level 1 -- Attendance: 1855 (92.75%) -- Ticket Income $46,375
Level 2 -- Attendance: 1000 (100.00%) -- Ticket Income $10,000
Total Attendance: 2855 (95.17%)
Total Ticket Income: $56,375
Other Income: $2,819
Total Income: $59,194
Royaux
5 vs 5 Forward
Center Left Wing Right Wing Time % Phy DF OF
1 Dylan Larkin Tye McGinn Ben Hanowski 40 1 2 2
2 Vladislav Namestnikov Brendan Woods Danny Kristo 30 1 2 2
3 Greg McKegg Brandon Pirri Kasperi Kapanen 20 1 2 2
4 Rourke Chartier Garrett Wilson Mathieu Joseph 10 1 2 2
5 vs 5 Defense
Defense Defense Time % Phy DF OF
1 Simon Despres Phil Oreskovic 40 1 2 2
2 Jordie Benn Travis Sanheim 30 1 2 2
3 Marcus Pettersson Ian McCoshen 20 1 2 2
4 Dylan DeMelo Konrad Abeltshauser 10 1 2 2
PowerPlay Forward
Center Left Wing Right Wing Time % Phy DF OF
1 Dylan Larkin Tye McGinn Ben Hanowski 60 1 2 2
2 Vladislav Namestnikov Brendan Woods Danny Kristo 40 1 2 2
PowerPlay Defense
Defense Defense Time % Phy DF OF
1 Simon Despres Phil Oreskovic 60 1 2 2
2 Jordie Benn Travis Sanheim 40 1 2 2
Penalty Kill 4 Players Forward
Center Wing Time % Phy DF OF
1 Tye McGinn Ben Hanowski 60 1 2 2
2 Danny Kristo Dylan Larkin 40 1 2 2
Penalty Kill 4 Players Defense
Defense Defense Time % Phy DF OF
1 Simon Despres Phil Oreskovic 60 1 2 2
2 Jordie Benn Travis Sanheim 40 1 2 2
Penalty Kill - 3 Players Forward
Forward Time % Phy DF OF
1 Tye McGinn 60 1 2 2
2 Ben Hanowski 40 1 2 2
Penalty Kill - 3 Players Defense
Defense Defense Time % Phy DF OF
1 Simon Despres Phil Oreskovic 60 1 2 2
2 Jordie Benn Travis Sanheim 40 1 2 2
4 vs 4 Forward
Center Wing Time % Phy DF OF
1 Tye McGinn Ben Hanowski 60 1 2 2
2 Danny Kristo Dylan Larkin 40 1 2 2
4 vs 4 Defense
Defense Defense Time % Phy DF OF
1 Simon Despres Phil Oreskovic 60 1 2 2
2 Jordie Benn Travis Sanheim 40 1 2 2
Last Minutes Offensive
Center Left Wing Right Wing Defense Defense
Dylan Larkin Tye McGinn Ben Hanowski Simon Despres Phil Oreskovic
Last Minutes Defensive
Center Left Wing Right Wing Defense Defense
Dylan Larkin Tye McGinn Ben Hanowski Simon Despres Phil Oreskovic
Goaltenders
Starting : Olivier Roy
Backup : Igor Shesterkin
Extra Forwards
Normal : Sonny Milano, Tanner Kero, Mathew Barzal - PP : Sonny Milano, Tanner Kero - PK : Mathew Barzal
Extra Defensemen
Normal : Marcus Pettersson, Ian McCoshen, Dylan DeMelo - PP : Marcus Pettersson - PK : Ian McCoshen, Dylan DeMelo
Penalty Shots
Tye McGinn, Ben Hanowski, Danny Kristo, Dylan Larkin, Brendan Woods
Scratches
Nikita Pavlychev (Healthy), Haydn Fleury (Bruised Left Shoulder Injury), Michael Bunting (Healthy), Ryan Mantha (Healthy), Jack Ramsey (Healthy)
Marcus Hogberg (Healthy)
Monarchs
5 vs 5 Forward
Center Left Wing Right Wing Time % Phy DF OF
1 Anthony Cirelli Tim Schaller Mikko Rantanen 30 1 2 2
2 Stefan Matteau Nick Ritchie Travis Konecny 30 1 2 2
3 Brayden Point Kyle Connor Frank Vatrano 25 1 2 2
4 Joel Eriksson Ek Jacob De La Rose Nicholas Baptiste 15 1 3 1
5 vs 5 Defense
Defense Defense Time % Phy DF OF
1 Seth Helgeson Zach Werenski 40 1 2 2
2 Olli Maatta Neal Pionk 40 1 2 2
3 Collin Miller Joonas Lyytinen 10 1 2 2
4 Matt Roy Kurtis Macdermid 10 2 2 1
PowerPlay Forward
Center Left Wing Right Wing Time % Phy DF OF
1 Brayden Point Nick Ritchie Mikko Rantanen 60 0 1 4
2 Stefan Matteau Kyle Connor Travis Konecny 40 0 1 4
PowerPlay Defense
Defense Defense Time % Phy DF OF
1 Neal Pionk Zach Werenski 60 0 2 3
2 Seth Helgeson Olli Maatta 40 0 2 3
Penalty Kill 4 Players Forward
Center Wing Time % Phy DF OF
1 Anthony Cirelli Jacob De La Rose 60 1 3 1
2 Joel Eriksson Ek Frank Vatrano 40 1 3 1
Penalty Kill 4 Players Defense
Defense Defense Time % Phy DF OF
1 Olli Maatta Collin Miller 60 1 3 1
2 Seth Helgeson Joonas Lyytinen 40 1 3 1
Penalty Kill - 3 Players Forward
Forward Time % Phy DF OF
1 Jacob De La Rose 60 1 3 1
2 Anthony Cirelli 40 1 3 1
Penalty Kill - 3 Players Defense
Defense Defense Time % Phy DF OF
1 Collin Miller Olli Maatta 60 1 3 1
2 Joonas Lyytinen Seth Helgeson 40 1 3 1
4 vs 4 Forward
Center Wing Time % Phy DF OF
1 Mikko Rantanen Brayden Point 60 1 2 2
2 Tim Schaller Travis Konecny 40 1 2 2
4 vs 4 Defense
Defense Defense Time % Phy DF OF
1 Olli Maatta Zach Werenski 60 1 2 2
2 Seth Helgeson Neal Pionk 40 1 2 2
Last Minutes Offensive
Center Left Wing Right Wing Defense Defense
Mikko Rantanen Nick Ritchie Travis Konecny Olli Maatta Zach Werenski
Last Minutes Defensive
Center Left Wing Right Wing Defense Defense
Stefan Matteau Jacob De La Rose Frank Vatrano Olli Maatta Zach Werenski
Goaltenders
Starting : Jake Allen
Backup : Alexandar Georgiev
Extra Forwards
Normal : Frank Vatrano, Travis Konecny, Mikko Rantanen - PP : Frank Vatrano, Anthony Cirelli - PK : Tim Schaller
Extra Defensemen
Normal : Zach Werenski, Seth Helgeson, Olli Maatta - PP : Collin Miller - PK : Zach Werenski, Seth Helgeson
Penalty Shots
Travis Konecny, Kyle Connor, Mikko Rantanen, Brayden Point, Olli Maatta
Scratches
Jacob Josefson (Healthy), Jordan Greenway (Healthy), Dennis Gilbert (Healthy), Zack MacEwen (Healthy), Bokondji Imama (Healthy)
Derek Forbort (Healthy), Zachary Sanford (Healthy), Josh Anderson (Healthy), Ryan Pulock (Torso Injury), Gustav Forsling (Healthy)
Austin Wuthrich (Healthy), Eamon McAdam (Healthy)
% Time on Ice - Royaux
Lines # - Real PCT - Wanted PCT - Time Play
Normal Forward
1 - 32% - 40% - 14:33
2 - 28% - 30% - 12:35
3 - 25% - 20% - 11:10
4 - 16% - 10% - 7:06
Normal Defense
1 - 36% - 40% - 16:19
2 - 31% - 30% - 13:59
3 - 21% - 20% - 9:40
4 - 12% - 10% - 5:26
PP Forward
1 - 57% - 60% - 2:49
2 - 43% - 40% - 2:07
PP Defense
1 - 73% - 60% - 3:36
2 - 27% - 40% - 1:20
PK Forward
1 - 72% - 60% - 6:12
2 - 28% - 40% - 2:23
PK Defense
1 - 63% - 60% - 5:26
2 - 37% - 40% - 3:09
PK3 Forward
1 - 100% - 60% - 1:05
2 - 0% - 40% - 0:00
PK3 Defense
1 - 100% - 60% - 1:05
2 - 0% - 40% - 0:00
44 Forward
1 - 0% - 60%
2 - 0% - 40%
44 Defense
1 - 0% - 60%
2 - 0% - 40%
Last Minute Offensive - 0:00
Last Minute Defensive - 0:00
Total
Forward - 60:00
Defense - 60:00
|
% Time on Ice - Monarchs
Lines # - Real PCT - Wanted PCT - Time Play
Normal Forward
1 - 29% - 30% - 12:58
2 - 28% - 30% - 12:40
3 - 25% - 25% - 11:28
4 - 18% - 15% - 8:18
Normal Defense
1 - 36% - 40% - 16:30
2 - 36% - 40% - 16:27
3 - 13% - 10% - 5:54
4 - 14% - 10% - 6:33
PP Forward
1 - 57% - 60% - 5:28
2 - 43% - 40% - 4:12
PP Defense
1 - 71% - 60% - 6:49
2 - 29% - 40% - 2:51
PK Forward
1 - 75% - 60% - 3:42
2 - 25% - 40% - 1:14
PK Defense
1 - 55% - 60% - 2:43
2 - 45% - 40% - 2:13
PK3 Forward
1 - 0% - 60%
2 - 0% - 40%
PK3 Defense
1 - 0% - 60%
2 - 0% - 40%
44 Forward
1 - 0% - 60%
2 - 0% - 40%
44 Defense
1 - 0% - 60%
2 - 0% - 40%
Last Minute Offensive - 0:00
Last Minute Defensive - 0:00
Total
Forward - 60:00
Defense - 60:00
|
Play-by-Play
1st period
0:01 of 1st period - Anthony Cirelli wins face-off versus Dylan Larkin in neutral zone.
0:09 of 1st period - Minor Penalty to Tye McGinn for Tripping.
0:10 of 1st period - Mathew Barzal wins face-off versus Brayden Point in Royaux zone.
2:09 of 1st period - Penalty to Tye McGinn is over, Tye McGinn is back on ice.
4:35 of 1st period - Zach Werenski is hit by Ben Hanowski and loses puck.
4:41 of 1st period - Icing by Zach Werenski.
4:42 of 1st period - Vladislav Namestnikov wins face-off versus Stefan Matteau in Monarchs zone.
4:51 of 1st period - Snap shot by Vladislav Namestnikov.
4:51 of 1st period - Shot Blocked by Neal Pionk.
5:00 of 1st period - Snap shot by Nick Ritchie.
5:00 of 1st period - Shot Misses the Net.
5:02 of 1st period - Slapshot by Neal Pionk.
5:02 of 1st period - Stopped by Olivier Roy without a rebound.
5:03 of 1st period - Brayden Point wins face-off versus Dylan Larkin in Royaux zone.
5:04 of 1st period - Snap shot by Frank Vatrano.
5:04 of 1st period - Shot Misses the Net.
5:12 of 1st period - Snap shot by Tye McGinn.
5:12 of 1st period - Deflect By Dylan Larkin.
5:12 of 1st period - Shot Misses the Net.
5:12 of 1st period - Puck is out of play.
5:13 of 1st period - Dylan Larkin wins face-off versus Brayden Point in Monarchs zone.
5:26 of 1st period - Wrist shot by Dylan Larkin.
5:26 of 1st period - Stopped by Jake Allen with a rebound.
5:28 of 1st period - Snap shot by Tye McGinn.
5:28 of 1st period - Deflect By Ben Hanowski.
5:28 of 1st period - Stopped by Jake Allen without a rebound.
5:29 of 1st period - Vladislav Namestnikov wins face-off versus Anthony Cirelli in Monarchs zone.
5:32 of 1st period - Wrist shot by Vladislav Namestnikov.
5:32 of 1st period - Stopped by Jake Allen with a rebound.
5:34 of 1st period - Slapshot by Danny Kristo.
5:34 of 1st period - Shot Misses the Net.
5:36 of 1st period - Slapshot by Vladislav Namestnikov.
5:36 of 1st period - Stopped by Jake Allen without a rebound.
5:37 of 1st period - Vladislav Namestnikov wins face-off versus Anthony Cirelli in Monarchs zone.
5:41 of 1st period - Minor Penalty to Tim Schaller for Cross-checking.
5:42 of 1st period - Anthony Cirelli wins face-off versus Dylan Larkin in Monarchs zone.
5:50 of 1st period - Snap shot by Ben Hanowski.
5:50 of 1st period - Goal by Ben Hanowski - Royaux : 1 - Monarchs : 0.
5:51 of 1st period - Stefan Matteau wins face-off versus Dylan Larkin in neutral zone.
5:59 of 1st period - Icing by Ben Hanowski.
6:00 of 1st period - Stefan Matteau wins face-off versus Dylan Larkin in Royaux zone.
6:05 of 1st period - Wrist shot by Travis Konecny.
6:05 of 1st period - Deflect By Nick Ritchie.
6:05 of 1st period - Stopped by Olivier Roy without a rebound.
6:06 of 1st period - Tye McGinn wins face-off versus Brayden Point in Royaux zone.
6:36 of 1st period - Snap shot by Tim Schaller.
6:36 of 1st period - Shot Misses the Net.
6:38 of 1st period - Slapshot by Anthony Cirelli.
6:38 of 1st period - Stopped by Olivier Roy without a rebound.
6:39 of 1st period - Stefan Matteau wins face-off versus Dylan Larkin in Royaux zone.
6:46 of 1st period - Snap shot by Travis Konecny.
6:46 of 1st period - Stopped by Olivier Roy without a rebound.
6:47 of 1st period - Dylan Larkin wins face-off versus Stefan Matteau in Royaux zone.
7:08 of 1st period - Minor Penalty to Jordie Benn for Roughing.
7:09 of 1st period - Brayden Point wins face-off versus Tye McGinn in Royaux zone.
7:40 of 1st period - Wrist shot by Travis Konecny.
7:40 of 1st period - Shot Misses the Net.
9:08 of 1st period - Penalty to Jordie Benn is over, Jordie Benn is back on ice.
9:17 of 1st period - Wrist shot by Garrett Wilson.
9:17 of 1st period - Shot Misses the Net.
10:51 of 1st period - Snap shot by Rourke Chartier.
10:51 of 1st period - Shot Blocked by Neal Pionk.
11:11 of 1st period - Backhand shot by Travis Sanheim.
11:11 of 1st period - Shot Misses the Net.
11:27 of 1st period - Wrist shot by Stefan Matteau.
11:27 of 1st period - Goal by Stefan Matteau - Royaux : 1 - Monarchs : 1.
11:28 of 1st period - Stefan Matteau wins face-off versus Dylan Larkin in neutral zone.
12:16 of 1st period - Snap shot by Brandon Pirri.
12:16 of 1st period - Shot Misses the Net.
12:22 of 1st period - Snap shot by Brandon Pirri.
12:22 of 1st period - Stopped by Jake Allen without a rebound.
12:23 of 1st period - Dylan Larkin wins face-off versus Stefan Matteau in Monarchs zone.
13:00 of 1st period - Wrist shot by Ben Hanowski.
13:00 of 1st period - Shot Misses the Net.
13:02 of 1st period - Slapshot by Ben Hanowski.
13:02 of 1st period - Stopped by Jake Allen with a rebound.
13:04 of 1st period - Slapshot by Ian McCoshen.
13:04 of 1st period - Stopped by Jake Allen with a rebound.
13:06 of 1st period - Slapshot by Marcus Pettersson.
13:06 of 1st period - Stopped by Jake Allen with a rebound.
13:14 of 1st period - Backhand shot by Tye McGinn.
13:14 of 1st period - Shot Misses the Net.
13:22 of 1st period - Snap shot by Ben Hanowski.
13:22 of 1st period - Stopped by Jake Allen with a rebound.
13:32 of 1st period - Snap shot by Dylan Larkin.
13:32 of 1st period - Stopped by Jake Allen without a rebound.
13:33 of 1st period - Anthony Cirelli wins face-off versus Vladislav Namestnikov in Monarchs zone.
14:05 of 1st period - Wrist shot by Brandon Pirri.
14:05 of 1st period - Stopped by Jake Allen with a rebound.
14:23 of 1st period - Wrist shot by Jacob De La Rose.
14:23 of 1st period - Shot Misses the Net.
15:17 of 1st period - Slapshot by Seth Helgeson.
15:17 of 1st period - Stopped by Olivier Roy without a rebound.
15:18 of 1st period - Brayden Point wins face-off versus Rourke Chartier in Royaux zone.
15:27 of 1st period - Snap shot by Zach Werenski.
15:27 of 1st period - Shot Misses the Net.
15:29 of 1st period - Snap shot by Kyle Connor.
15:29 of 1st period - Stopped by Olivier Roy without a rebound.
15:30 of 1st period - Anthony Cirelli wins face-off versus Dylan Larkin in Royaux zone.
15:57 of 1st period - Jordie Benn is hit by Nick Ritchie.
16:27 of 1st period - Phil Oreskovic is hit by Frank Vatrano and loses puck.
17:07 of 1st period - Wrist shot by Brendan Woods.
17:07 of 1st period - Deflect By Danny Kristo.
17:07 of 1st period - Shot Misses the Net.
17:07 of 1st period - Puck is out of play.
17:08 of 1st period - Stefan Matteau wins face-off versus Vladislav Namestnikov in Monarchs zone.
17:13 of 1st period - Vladislav Namestnikov is hit by Joonas Lyytinen and loses puck.
17:34 of 1st period - Dylan Larkin is hit by Tim Schaller and loses puck.
17:54 of 1st period - Off-side.
17:55 of 1st period - Frank Vatrano wins face-off versus Greg McKegg in neutral zone.
17:58 of 1st period - Slapshot by Zach Werenski.
17:58 of 1st period - Stopped by Olivier Roy with a rebound.
18:07 of 1st period - Off-side.
18:08 of 1st period - Stefan Matteau wins face-off versus Dylan Larkin in neutral zone.
18:22 of 1st period - Minor Penalty to Ben Hanowski for Tripping.
18:23 of 1st period - Brayden Point wins face-off versus Tye McGinn in Royaux zone.
18:23 of 1st period - Snap shot by Mikko Rantanen.
18:23 of 1st period - Shot Misses the Net.
18:36 of 1st period - Snap shot by Mikko Rantanen.
18:36 of 1st period - Shot Blocked by Phil Oreskovic.
18:56 of 1st period - Icing by Neal Pionk.
18:57 of 1st period - Stefan Matteau wins face-off versus Tye McGinn in Monarchs zone.
19:20 of 1st period - Zach Werenski is hit by Jordie Benn and loses puck.
Goals for this period are 1 for Royaux vs 1 for Monarchs .
Shots for this period are 12 for Royaux vs 8 for Monarchs .
2nd period
0:01 of 2nd period - Tye McGinn wins face-off versus Brayden Point in neutral zone.
0:04 of 2nd period - Slapshot by Phil Oreskovic.
0:04 of 2nd period - Shot Blocked by Zach Werenski.
0:06 of 2nd period - Slapshot by Mathew Barzal.
0:06 of 2nd period - Shot Misses the Net.
0:08 of 2nd period - Slapshot by Simon Despres.
0:08 of 2nd period - Shot Misses the Net.
0:22 of 2nd period - Penalty to Ben Hanowski is over, Ben Hanowski is back on ice.
0:36 of 2nd period - Backhand shot by Nicholas Baptiste.
0:36 of 2nd period - Stopped by Olivier Roy with a rebound.
0:38 of 2nd period - Snap shot by Nicholas Baptiste.
0:38 of 2nd period - Shot Misses the Net.
0:40 of 2nd period - Snap shot by Kurtis Macdermid.
0:40 of 2nd period - Stopped by Olivier Roy with a rebound.
1:26 of 2nd period - Nick Ritchie is hit by Jordie Benn.
2:00 of 2nd period - Wrist shot by Jacob De La Rose.
2:00 of 2nd period - Stopped by Olivier Roy with a rebound.
2:02 of 2nd period - Slapshot by Olli Maatta.
2:02 of 2nd period - Shot Blocked by Marcus Pettersson.
2:04 of 2nd period - Snap shot by Nicholas Baptiste.
2:04 of 2nd period - Stopped by Olivier Roy without a rebound.
2:05 of 2nd period - Dylan Larkin wins face-off versus Anthony Cirelli in Royaux zone.
2:14 of 2nd period - Snap shot by Anthony Cirelli.
2:14 of 2nd period - Stopped by Olivier Roy with a rebound.
2:44 of 2nd period - Nick Ritchie is hit by Ian McCoshen and loses puck.
3:27 of 2nd period - Snap shot by Tim Schaller.
3:27 of 2nd period - Shot Misses the Net.
3:29 of 2nd period - Snap shot by Mikko Rantanen.
3:29 of 2nd period - Stopped by Olivier Roy without a rebound.
3:30 of 2nd period - Stefan Matteau wins face-off versus Brendan Woods in Royaux zone.
3:31 of 2nd period - Wrist shot by Travis Konecny.
3:31 of 2nd period - Shot Misses the Net.
3:33 of 2nd period - Wrist shot by Travis Konecny.
3:33 of 2nd period - Shot Hit the Post.
3:35 of 2nd period - Slapshot by Stefan Matteau.
3:35 of 2nd period - Shot Misses the Net.
3:37 of 2nd period - Snap shot by Stefan Matteau.
3:37 of 2nd period - Stopped by Olivier Roy without a rebound.
3:38 of 2nd period - Stefan Matteau wins face-off versus Vladislav Namestnikov in Royaux zone.
3:43 of 2nd period - Snap shot by Stefan Matteau.
3:43 of 2nd period - Shot Blocked by Travis Sanheim.
4:36 of 2nd period - Slapshot by Frank Vatrano.
4:36 of 2nd period - Shot Misses the Net.
5:01 of 2nd period - Slapshot by Zach Werenski.
5:01 of 2nd period - Shot Blocked by Rourke Chartier.
5:03 of 2nd period - Slapshot by Stefan Matteau.
5:03 of 2nd period - Shot Misses the Net.
5:34 of 2nd period - Slapshot by Mikko Rantanen.
5:34 of 2nd period - Shot Misses the Net.
5:36 of 2nd period - Snap shot by Mikko Rantanen.
5:36 of 2nd period - Shot Blocked by Konrad Abeltshauser.
5:45 of 2nd period - Icing by Dylan Larkin.
5:46 of 2nd period - Greg McKegg wins face-off versus Brayden Point in Royaux zone.
5:57 of 2nd period - Snap shot by Greg McKegg.
5:57 of 2nd period - Shot Misses the Net.
5:59 of 2nd period - Slapshot by Konrad Abeltshauser.
5:59 of 2nd period - Shot Misses the Net.
6:22 of 2nd period - Kyle Connor is hit by Greg McKegg and loses puck.
6:42 of 2nd period - Slapshot by Kasperi Kapanen.
6:42 of 2nd period - Stopped by Jake Allen without a rebound.
6:43 of 2nd period - Ben Hanowski wins face-off versus Anthony Cirelli in Monarchs zone.
6:56 of 2nd period - Wrist shot by Zach Werenski.
6:56 of 2nd period - Shot Misses the Net.
6:58 of 2nd period - Snap shot by Mikko Rantanen.
6:58 of 2nd period - Shot Blocked by Simon Despres.
7:08 of 2nd period - Brendan Woods is hit by Nick Ritchie and loses puck.
7:34 of 2nd period - Rourke Chartier is hit by Nicholas Baptiste and loses puck.
8:25 of 2nd period - Minor Penalty to Ian McCoshen for Cross-checking.
8:26 of 2nd period - Tye McGinn wins face-off versus Brayden Point in Royaux zone.
8:37 of 2nd period - Simon Despres is hit by Mikko Rantanen and loses puck.
8:48 of 2nd period - Minor Penalty to Phil Oreskovic for Interference.
8:49 of 2nd period - Tye McGinn wins face-off versus Nick Ritchie in Royaux zone.
9:01 of 2nd period - Off-side.
9:02 of 2nd period - Tye McGinn wins face-off versus Brayden Point in neutral zone.
9:05 of 2nd period - Wrist shot by Simon Despres.
9:05 of 2nd period - Stopped by Jake Allen without a rebound.
9:06 of 2nd period - Tye McGinn wins face-off versus Brayden Point in Monarchs zone.
9:07 of 2nd period - Slapshot by Simon Despres.
9:07 of 2nd period - Stopped by Jake Allen without a rebound.
9:08 of 2nd period - Tye McGinn wins face-off versus Brayden Point in Monarchs zone.
9:37 of 2nd period - Snap shot by Stefan Matteau.
9:37 of 2nd period - Stopped by Olivier Roy without a rebound.
9:38 of 2nd period - Stefan Matteau wins face-off versus Tye McGinn in Royaux zone.
9:49 of 2nd period - Slapshot by Zach Werenski.
9:49 of 2nd period - Shot Misses the Net.
9:51 of 2nd period - Slapshot by Zach Werenski.
9:51 of 2nd period - Shot Misses the Net.
9:53 of 2nd period - Snap shot by Neal Pionk.
9:53 of 2nd period - Deflect By Stefan Matteau.
9:53 of 2nd period - Goal by Stefan Matteau - Royaux : 1 - Monarchs : 2.
9:54 of 2nd period - Brayden Point wins face-off versus Tye McGinn in neutral zone.
9:57 of 2nd period - Slapshot by Zach Werenski.
9:57 of 2nd period - Shot Blocked by Ian McCoshen.
9:59 of 2nd period - Slapshot by Zach Werenski.
9:59 of 2nd period - Shot Blocked by Tye McGinn.
10:01 of 2nd period - Slapshot by Zach Werenski.
10:01 of 2nd period - Shot Blocked by Simon Despres.
10:03 of 2nd period - Slapshot by Neal Pionk.
10:03 of 2nd period - Shot Blocked by Ian McCoshen.
10:05 of 2nd period - Wrist shot by Nick Ritchie.
10:05 of 2nd period - Stopped by Olivier Roy without a rebound.
10:06 of 2nd period - Tye McGinn wins face-off versus Brayden Point in Royaux zone.
10:48 of 2nd period - Penalty to Phil Oreskovic is over, Phil Oreskovic is back on ice.
10:58 of 2nd period - Slapshot by Simon Despres.
10:58 of 2nd period - Stopped by Jake Allen without a rebound.
10:59 of 2nd period - Greg McKegg wins face-off versus Anthony Cirelli in Monarchs zone.
11:14 of 2nd period - Slapshot by Mikko Rantanen.
11:14 of 2nd period - Shot Misses the Net.
11:31 of 2nd period - Snap shot by Dylan Larkin.
11:31 of 2nd period - Stopped by Jake Allen with a rebound.
11:37 of 2nd period - Zach Werenski is hit by Tye McGinn and loses puck.
11:53 of 2nd period - Simon Despres is hit by Nick Ritchie and loses puck.
12:08 of 2nd period - Backhand shot by Travis Konecny.
12:08 of 2nd period - Goal by Travis Konecny - Royaux : 1 - Monarchs : 3.
12:09 of 2nd period - Anthony Cirelli wins face-off versus Vladislav Namestnikov in neutral zone.
13:15 of 2nd period - Simon Despres is hit by Mikko Rantanen.
13:25 of 2nd period - Wrist shot by Garrett Wilson.
13:25 of 2nd period - Stopped by Jake Allen with a rebound.
13:27 of 2nd period - Slapshot by Simon Despres.
13:27 of 2nd period - Deflect By Mathieu Joseph.
13:27 of 2nd period - Shot Misses the Net.
13:27 of 2nd period - Puck is out of play.
13:28 of 2nd period - Stefan Matteau wins face-off versus Vladislav Namestnikov in Monarchs zone.
13:39 of 2nd period - Snap shot by Travis Konecny.
13:39 of 2nd period - Stopped by Olivier Roy with a rebound.
13:41 of 2nd period - Snap shot by Olli Maatta.
13:41 of 2nd period - Stopped by Olivier Roy with a rebound.
13:43 of 2nd period - Slapshot by Stefan Matteau.
13:43 of 2nd period - Stopped by Olivier Roy with a rebound.
14:05 of 2nd period - Zach Werenski is hit by Dylan Larkin.
14:34 of 2nd period - Slapshot by Garrett Wilson.
14:34 of 2nd period - Deflect By Mathieu Joseph.
14:34 of 2nd period - Shot Blocked by Joonas Lyytinen.
14:34 of 2nd period - Puck is out of play.
14:35 of 2nd period - Rourke Chartier wins face-off versus Joel Eriksson Ek in Monarchs zone.
14:39 of 2nd period - Minor Penalty to Joonas Lyytinen for Holding.
14:40 of 2nd period - Dylan Larkin wins face-off versus Jacob De La Rose in Monarchs zone.
14:48 of 2nd period - Snap shot by Dylan Larkin.
14:48 of 2nd period - Shot Misses the Net.
14:50 of 2nd period - Slapshot by Ben Hanowski.
14:50 of 2nd period - Shot Misses the Net.
14:52 of 2nd period - Snap shot by Tye McGinn.
14:52 of 2nd period - Stopped by Jake Allen with a rebound.
16:39 of 2nd period - Penalty to Joonas Lyytinen is over, Joonas Lyytinen is back on ice.
16:43 of 2nd period - Vladislav Namestnikov is hit by Collin Miller and loses puck.
17:22 of 2nd period - Slapshot by Collin Miller.
17:22 of 2nd period - Shot Misses the Net.
17:58 of 2nd period - Slapshot by Collin Miller.
17:58 of 2nd period - Shot Blocked by Travis Sanheim.
Goals for this period are 0 for Royaux vs 2 for Monarchs .
Shots for this period are 7 for Royaux vs 14 for Monarchs .
3rd period
0:01 of 3rd period - Dylan Larkin wins face-off versus Anthony Cirelli in neutral zone.
0:25 of 3rd period - Brendan Woods is hit by Stefan Matteau and loses puck.
0:36 of 3rd period - Travis Konecny is hit by Danny Kristo.
1:08 of 3rd period - Joonas Lyytinen is hit by Ben Hanowski and loses puck.
1:37 of 3rd period - Wrist shot by Mikko Rantanen.
1:37 of 3rd period - Stopped by Olivier Roy without a rebound.
1:38 of 3rd period - Dylan Larkin wins face-off versus Nick Ritchie in Royaux zone.
2:34 of 3rd period - Seth Helgeson is hit by Brandon Pirri and loses puck.
2:56 of 3rd period - Slapshot by Zach Werenski.
2:56 of 3rd period - Stopped by Olivier Roy without a rebound.
2:57 of 3rd period - Anthony Cirelli wins face-off versus Dylan Larkin in Royaux zone.
3:22 of 3rd period - Jordie Benn is hit by Travis Konecny and loses puck.
3:33 of 3rd period - Wrist shot by Nick Ritchie.
3:33 of 3rd period - Shot Blocked by Brendan Woods.
3:45 of 3rd period - Slapshot by Greg McKegg.
3:45 of 3rd period - Shot Misses the Net.
3:47 of 3rd period - Wrist shot by Greg McKegg.
3:47 of 3rd period - Shot Misses the Net.
3:49 of 3rd period - Slapshot by Travis Sanheim.
3:49 of 3rd period - Stopped by Jake Allen with a rebound.
3:51 of 3rd period - Slapshot by Jordie Benn.
3:51 of 3rd period - Shot Misses the Net.
3:53 of 3rd period - Wrist shot by Brandon Pirri.
3:53 of 3rd period - Shot Blocked by Collin Miller.
4:03 of 3rd period - Joonas Lyytinen is hit by Rourke Chartier and loses puck.
4:09 of 3rd period - Off-side.
4:10 of 3rd period - Dylan Larkin wins face-off versus Anthony Cirelli in neutral zone.
4:17 of 3rd period - Slapshot by Tye McGinn.
4:17 of 3rd period - Shot Misses the Net.
4:42 of 3rd period - Phil Oreskovic is hit by Stefan Matteau.
5:46 of 3rd period - Marcus Pettersson is hit by Anthony Cirelli and loses puck.
6:29 of 3rd period - Wrist shot by Nick Ritchie.
6:29 of 3rd period - Stopped by Olivier Roy without a rebound.
6:30 of 3rd period - Dylan Larkin wins face-off versus Anthony Cirelli in Royaux zone.
6:35 of 3rd period - Ben Hanowski is hit by Anthony Cirelli and loses puck.
6:56 of 3rd period - Danny Kristo is hit by Zach Werenski and loses puck.
7:01 of 3rd period - Slapshot by Zach Werenski.
7:01 of 3rd period - Stopped by Olivier Roy with a rebound.
7:17 of 3rd period - Snap shot by Greg McKegg.
7:17 of 3rd period - Stopped by Jake Allen with a rebound.
7:19 of 3rd period - Slapshot by Simon Despres.
7:19 of 3rd period - Shot Misses the Net.
7:21 of 3rd period - Snap shot by Brandon Pirri.
7:21 of 3rd period - Shot Misses the Net.
7:23 of 3rd period - Slapshot by Phil Oreskovic.
7:23 of 3rd period - Stopped by Jake Allen without a rebound.
7:24 of 3rd period - Tim Schaller wins face-off versus Dylan Larkin in Monarchs zone.
8:12 of 3rd period - Snap shot by Garrett Wilson.
8:12 of 3rd period - Goal by Garrett Wilson - Royaux : 2 - Monarchs : 3.
8:13 of 3rd period - Anthony Cirelli wins face-off versus Dylan Larkin in neutral zone.
8:16 of 3rd period - Ben Hanowski is hit by Tim Schaller and loses puck.
8:23 of 3rd period - Snap shot by Simon Despres.
8:23 of 3rd period - Shot Blocked by Tim Schaller.
8:45 of 3rd period - Snap shot by Mikko Rantanen.
8:45 of 3rd period - Shot Misses the Net.
9:02 of 3rd period - Minor Penalty to Frank Vatrano for Checking from behind.
9:03 of 3rd period - Anthony Cirelli wins face-off versus Dylan Larkin in Monarchs zone.
11:02 of 3rd period - Penalty to Frank Vatrano is over, Frank Vatrano is back on ice.
11:31 of 3rd period - Slapshot by Zach Werenski.
11:31 of 3rd period - Shot Misses the Net.
13:19 of 3rd period - Simon Despres is hit by Seth Helgeson and loses puck.
14:08 of 3rd period - Travis Sanheim is hit by Seth Helgeson and loses puck.
14:21 of 3rd period - Greg McKegg is hit by Frank Vatrano and loses puck.
15:01 of 3rd period - Slapshot by Zach Werenski.
15:01 of 3rd period - Stopped by Olivier Roy without a rebound.
15:02 of 3rd period - Greg McKegg wins face-off versus Joel Eriksson Ek in Royaux zone.
15:49 of 3rd period - Wrist shot by Tim Schaller.
15:49 of 3rd period - Shot Blocked by Travis Sanheim.
16:11 of 3rd period - Snap shot by Travis Konecny.
16:11 of 3rd period - Shot Misses the Net.
16:13 of 3rd period - Slapshot by Travis Konecny.
16:13 of 3rd period - Goal by Travis Konecny - Royaux : 2 - Monarchs : 4.
16:14 of 3rd period - Brayden Point wins face-off versus Dylan Larkin in neutral zone.
16:16 of 3rd period - Neal Pionk is hit by Phil Oreskovic and loses puck.
16:19 of 3rd period - Slapshot by Kyle Connor.
16:19 of 3rd period - Shot Misses the Net.
16:21 of 3rd period - Slapshot by Kyle Connor.
16:21 of 3rd period - Shot Misses the Net.
16:23 of 3rd period - Snap shot by Brayden Point.
16:23 of 3rd period - Shot Misses the Net.
16:25 of 3rd period - Slapshot by Neal Pionk.
16:25 of 3rd period - Stopped by Olivier Roy with a rebound.
16:27 of 3rd period - Snap shot by Kyle Connor.
16:27 of 3rd period - Deflect By Ben Hanowski.
16:27 of 3rd period - Shot Misses the Net.
16:27 of 3rd period - Puck is out of play.
16:28 of 3rd period - Brayden Point wins face-off versus Dylan Larkin in Royaux zone.
16:37 of 3rd period - Snap shot by Frank Vatrano.
16:37 of 3rd period - Stopped by Olivier Roy with a rebound.
16:53 of 3rd period - Neal Pionk is hit by Brandon Pirri and loses puck.
17:19 of 3rd period - Minor Penalty to Joel Eriksson Ek for Slashing.
17:20 of 3rd period - Dylan Larkin wins face-off versus Anthony Cirelli in Monarchs zone.
17:34 of 3rd period - Seth Helgeson is hit by Ben Hanowski and loses puck.
18:08 of 3rd period - Snap shot by Dylan Larkin.
18:08 of 3rd period - Goal by Dylan Larkin - Royaux : 3 - Monarchs : 4.
18:09 of 3rd period - Greg McKegg wins face-off versus Brayden Point in neutral zone.
18:16 of 3rd period - Slapshot by Brandon Pirri.
18:16 of 3rd period - Stopped by Jake Allen with a rebound.
18:38 of 3rd period - Minor Penalty to Phil Oreskovic for Hooking.
18:39 of 3rd period - Brayden Point wins face-off versus Tye McGinn in Royaux zone.
19:42 of 3rd period - Slapshot by Zach Werenski.
19:42 of 3rd period - Stopped by Olivier Roy without a rebound.
19:43 of 3rd period - Kirk Muller call a timeout for Royaux.
19:43 of 3rd period - Brayden Point wins face-off versus Tye McGinn in Royaux zone.
Goals for this period are 2 for Royaux vs 1 for Monarchs .
Shots for this period are 6 for Royaux vs 9 for Monarchs .
Output by the SimonT Hockey Simulator (STHS) for Francois Prevost